 Dungeon Crawl Stone Soup version 0.31.0-12-g77e489cdc1 (webtiles) character file.

Game seed: 17938846773974355311

163 Balder the Cudgeller (level 5, -3/44 HPs)
             Began as a Draconian Gladiator on Feb 23, 2024.
             Slain by Ijyb
             ... wielding a +0 club
              (7 damage)
             ... on level 3 of the Dungeon.
             The game lasted 00:10:48 (1966 turns).

Balder the Cudgeller (Draconian Gladiator)          Turns: 1966, Time: 00:10:49

Health: -3/44      AC:  5    Str: 18    XL:     5   Next: 20%
Magic:  5/5        EV: 12    Int:  9    God:
Gold:   91         SH:  0    Dex: 12    Spells: 4/4 levels left

rFire   . . .        b - +1 whip (elec)
rCold   . . .        (no shield)
rNeg    . . .        (body armour unavailable)
rPois   .            c - +0 hat
rElec   .            (no cloak)
rCorr   .            (no gloves)
SInv    +            (no boots)
Will    .....        (no amulet)
Stlth   ++           g - ring of see invisible
HPRegen 0.27/turn    s - ring of flight
MPRegen 0.09/turn

%: no passive effects
@: flying
A: AC +5, unfitting armour, cold-blooded
a: no special abilities


You were on level 3 of the Dungeon.
You visited 1 branch of the dungeon, and saw 3 of its levels.

You collected 91 gold pieces.

Inventory:

Hand Weapons
 a - a +0 flail
 b - a +1 whip of electrocution (weapon)
Missiles
 d - a javelin
 n - a throwing net (quivered)
Armour
 c - a +0 hat (worn)
Jewellery
 g - a ring of see invisible (left hand)
 s - a ring of flight (right hand)
Talismans
 i - a maw talisman
Scrolls
 e - a scroll of identify
 f - a scroll of blinking
 k - a scroll of fear {unknown}
 l - a scroll of enchant weapon {unknown}
 m - a scroll of silence {unknown}
 o - a scroll of torment {unknown}
 p - a scroll of revelation {unknown}
 t - a scroll of poison {unknown}
Potions
 h - a potion of attraction
 j - a potion of haste
 q - a potion of degeneration {unknown}
 r - a potion of enlightenment {unknown}


   Skills:
 * Level 2.8 Fighting
 * Level 4.8 Maces & Flails
 * Level 2.0 Throwing
 * Level 3.3 Dodging
 * Level 1.4 Stealth


You had 4 spell levels left.
You didn't know any spells.
Your spell library contained the following spells:

 Spells                   Type           Power      Damage    Failure   Level
 Conjure Ball Lightning   Conj/Air       0%         3x3d6     100%        6
 Discord                  Hex            0%         N/A       100%        8
 Disjunction              Tloc           0%         N/A       100%        8


Dungeon Overview and Level Annotations

Branches:
Dungeon (2/15)

Altars:
Elyvilon
Vehumet

Annotations:
D:3 Ijyb, Robin


Innate Abilities, Weirdness & Mutations

Your plain brown scales are hard. (AC +5)
You cannot fit into any form of body armour.
You are cold-blooded and may be slowed by cold attacks.


Message History

The goblin hits you with a +0 club.
* * * LOW HITPOINT WARNING * * *
You closely miss the goblin. The goblin hits you with a +0 club.
* * * LOW HITPOINT WARNING * * *
The goblin closely misses you. Robin throws the goblin at you!
The goblin hits you but does no damage. Ijyb closely misses you.
You hit Robin.
Robin is moderately wounded.
The goblin hits you with a +0 club.
* * * LOW HITPOINT WARNING * * *
Robin throws Ijyb at you!
* * * LOW HITPOINT WARNING * * *
The goblin hits you with a +0 club.
* * * LOW HITPOINT WARNING * * *
Ijyb closely misses you.
Blink to where?
Press: ? - help, Dir - move target
As you read the scroll labelled CIOTUFUMOEH, it crumbles to dust.
It was a scroll of blinking.
Ijyb no longer looks unusually strong.
The goblin no longer looks unusually strong.
There is an open door here.
Robin says, "My goblins will feast on your bones."
Robin's horned helmet rattles.
Robin roars a battlecry!
The goblins go into a battle-frenzy!
Throw: 2 throwing nets
Press: ? - help, Q - select action, (/) - cycle Shift-Dir - straight line, f - Ijyb
Aim: Ijyb, wielding a +0 club, wearing a +0 ring mail and carrying a wand of iceblast (strong, 52% to hit)
You throw a throwing net. The throwing net hits Ijyb.
Ijyb is caught in the net!
Ijyb struggles against the net.
Unknown command.
Ijyb struggles against the net.
Ijyb struggles against the net.
Robin throws the goblin at you!
The goblin no longer looks unusually strong.
The goblin completely misses you.
Ijyb struggles against the net.
Robin throws Ijyb at you! The goblin completely misses you.
Ijyb attacks as she pursues you! Ijyb hits you with a +0 club!
You die...

...........#......#.
#....#...##.#.####.#.
###....#...##.#.# ##'#.
.......#...##.#.###....
......#...##..........
...........#.###....
.#.#...†...#........
#..g###.#.##.......
#>@g..g..(g'.......
#######.#.##....###
#.#.#.......#
..#.#.......#
...#.#...g...#
....#.#.......)
.....#.#.......#
#.....#.#........
####.....


You could see Ijyb (strong) and 2 goblins.

Vanquished Creatures
  A bombardier beetle (D:3)
  3 gnolls (D:2)
  3 adders (D:2)
  A dart slug (D:1)
  2 ribbon worms (D:2)
  9 bats
  7 endoplasms
  2 giant cockroaches
  3 goblins
  6 hobgoblins
  6 jackals
  4 kobolds
  6 quokkas
  4 ball pythons
  A frilled lizard (D:1)
  2 rats (D:2)
60 creatures vanquished.

Notes
Turn   | Place    | Note
-------+----------+-------------------------------------------
     0 | D:1      | Balder the Draconian Gladiator began the quest for the Orb.
     0 | D:1      | Reached XP level 1. HP: 17/17 MP: 1/1
   326 | D:1      | Reached XP level 2. HP: 24/24 MP: 2/2
   887 | D:2      | Reached XP level 3. HP: 29/29 MP: 3/3
   913 | D:2      | Reached skill level 1 in Stealth
  1014 | D:2      | Reached skill level 4 in Maces & Flails
  1042 | D:2      | Reached XP level 4. HP: 14/37 MP: 4/4
  1445 | D:2      | Found a white marble altar of Elyvilon.
  1684 | D:2      | You fall into a shaft and drop 1 floor!
  1684 | D:3      | Found a radiant altar of Vehumet.
  1865 | D:3      | Reached XP level 5. HP: 37/44 MP: 5/5
  1927 | D:3      | Noticed Robin
  1928 | D:3      | Noticed Ijyb
  1954 | D:3      | HP: 2/44 [Robin/Ijyb (2)]
  1966 | D:3      | Slain by Ijyb

Illustrated notes

Levels and vault maps discovered:
D:1:      giann_forest_graveyard, layout_loops_ring
D:2:      minmay_diamond_boxcup, layout_loops_ring, basic_altar
D:3:      layout_basic, minitemple, lemuel_coloured_pillars_altar,
          gammafunk_temple_overflow_elements, nicolae_goblin_pals, uniq_robin

Skill      XL: |  1  2  3  4 |
---------------+-------------+-----
Dodging        | 3 |  3.3
Stealth        | 1 |  1.4
Maces & Flails | 4 |  4.8
Throwing       | 2 |  2.0
Fighting       | |  2.8

Action                     |  1- 3 |  4- 6 || total
---------------------------+-------+-------++-------
  Melee: Flail             |    85 |    19 ||   104
         Tailslap          |    10 |     5 ||    15
         Punch             |     1 |       ||     1
         Whip              |       |    53 ||    53
  Throw: Throwing net      |       |     6 ||     6
    Use: Potion            |     1 |       ||     1
         Scroll            |       |     3 ||     3
   Stab: Sleeping          |     1 |       ||     1
         Held in net/web   |       |     1 ||     1
 Armour: Skin              |    63 |    49 ||   112
  Dodge: Dodged            |    84 |    53 ||   137
